 Dungeon Crawl Stone Soup version 0.28.0-53-g5a82cb258f (webtiles) character file.

Game seed: 16591756488234127224

431 CryoSword the Chopper (level 6, 0/49 HPs)
             Began as a Demonspawn Fighter on May 26, 2022.
             Slain by a black bear (4 damage)
             ... on level 4 of the Dungeon.
             The game lasted 00:05:37 (4889 turns).

CryoSword the Chopper (Demonspawn Fighter)          Turns: 4889, Time: 00:05:38

Health: 0/49       AC:  9    Str: 24    XL:     6   Next: 66%
Magic:  9/9        EV:  9    Int:  9    God:
Gold:   153        SH:  4    Dex: 13    Spells: 10/10 levels left

rFire   . . .      SeeInvis .   w - +0 hand axe
rCold   + . .      Faith    .   c - +0 buckler
rNeg    . . .      Spirit   .   b - +0 scale mail
rPois   .          Reflect  .   z - +1 helmet
rElec   .          Harm     .   (no cloak)
rCorr   .          Rampage  .   r - +0 pair of gloves
Will    .....                   (no boots)
Stlth   ..........              s - amulet of regeneration
HPRegen 0.96/turn               f - +6 ring of strength
MPRegen 0.22/turn               y - ring of protection from cold

@: no status effects
A: demonic guardian 2, magic regeneration
a: no special abilities


You were on level 4 of the Dungeon.
You visited 1 branch of the dungeon, and saw 4 of its levels.
You also visited: Sewer.

You collected 153 gold pieces.

Inventory:

Hand Weapons
 a - a +0 war axe
 w - a +0 hand axe (weapon)
   (You took it off an orc on level 3 of the Dungeon)
Missiles
 l - 15 poisoned darts (quivered)
Armour
 b - a +0 scale mail (worn)
 c - a +0 buckler (worn)
 r - a +0 pair of gloves (worn)
   (You found it on level 3 of the Dungeon)
 z - a +1 helmet (worn)
   (You took it off Robin on level 4 of the Dungeon)
Jewellery
 f - a +6 ring of strength (left hand)
   (You found it on level 1 of the Dungeon)
 s - an amulet of regeneration (around neck)
   (You found it on level 4 of the Dungeon)
 y - a ring of protection from cold (right hand)
   (You found it on level 4 of the Dungeon)
Scrolls
 g - 2 scrolls of blinking
 h - a scroll of immolation {unknown}
 u - 2 scrolls of fog {unknown}
 x - a scroll of teleportation {@r4}
Potions
 d - a potion of might
 e - 2 potions of flight {unknown}
 j - a potion of lignification {unknown}
 k - a potion of brilliance {unknown}
 m - 2 potions of heal wounds {@q2}
 n - a potion of cancellation
 o - 2 potions of resistance {unknown}
 p - 4 potions of haste {@q3}
 q - 2 potions of curing {unknown}
 t - a potion of berserk rage {unknown}


   Skills:
 + Level 4.7 Fighting
 * Level 4.8 Axes
 - Level 2.6 Armour
 - Level 2.6 Shields
 + Level 2.6 Spellcasting


You had 10 spell levels left.
You didn't know any spells.
Your spell library was empty.

Dungeon Overview and Level Annotations

Branches:
Dungeon (4/15)              Sewer (visited)
 Temple: D:4-7

Altars:


Innate Abilities, Weirdness & Mutations

A demonic guardian rushes to your aid.
You regenerate magic rapidly.


Message History

Your hellwing completely misses the goblin.
Your hellwing barely misses the goblin.
The goblin closely misses your hellwing.
The goblin hits you but does no damage.
You hit the goblin.
You kill the goblin!
You closely miss the goblin. Your hellwing hits the goblin!
The goblin dies!
You hit the goblin.
Your hellwing closely misses the goblin.
Your hellwing hits the goblin. The goblin barely misses you.
You closely miss the goblin. Your hellwing hits the goblin.
The goblin dies!
You hit the hobgoblin.
You kill the hobgoblin!
You hit Robin but do no damage.
Robin hits your hellwing but does no damage.
Your hellwing hits Robin!
Your hellwing hits Robin but does no damage.
You block Robin's attack.
Your hellwing hits Robin!
Robin dies!
The hobgoblin completely misses you.
Items here: ! $ )))))) [[ †††.
You hit the hobgoblin.
You kill the hobgoblin!
You now have 140 gold pieces (gained 13).
You see here a hobgoblin corpse.
Your hellwing disappears in a puff of smoke!
z - a +1 helmet;
e - 2 glowing yellow potions (gained 1)
You now have 153 gold pieces (gained 13).
Items here: )))))) [ †††.
Okay, then.
You start putting on your armour.
You continue putting on your +1 helmet. x4
You finish putting on your +1 helmet.
You start putting on your armour.
You continue putting on your +0 pair of gloves. x4
You finish putting on your +0 pair of gloves.
Okay, then.
You drop a +0 pair of gloves.
You start removing your amulet.
You continue taking off your amulet of the acrobat. x4
You finish taking off your amulet of the acrobat.
You start putting on your amulet.
You continue putting on your amulet of regeneration. x5
You finish putting on your amulet of regeneration.
The amulet throbs as it attunes itself to your uninjured body.
s - an amulet of regeneration (around neck)
y - a ring of protection from cold (right hand) Autopickup disabled for amulets of the acrobat.
You drop an amulet of the acrobat.
Items here: ( ))) ††.
Items here: " )))))) [[ †††.
You see here a hobgoblin corpse.
A goblin comes into view. It is wielding a +0 dagger.
The goblin moves out of view.
A goblin is nearby!
A goblin is nearby!
A goblin is nearby!
You slash the goblin!
You kill the goblin!
No target in view!
No target in view!
Things that are here:
a +0 dagger; a goblin corpse
Items here: ( ))) ††.
You see here 18 arrows.
You see here 18 arrows.
Items here: " )))))) [[ †††.
You see here a hobgoblin corpse.
Key pressed, stopping explore.
An adder comes into view.
The adder hisses angrily.
An adder is nearby!
An adder is nearby!
You closely miss the adder. The adder bites you but does no damage.
You hit the adder. You block the adder's attack.
The adder bites you but does no damage.
You closely miss the adder. The adder closely misses you.
You closely miss the adder.
The adder bites you but does no damage. x2
You barely miss the adder. The adder bites you but does no damage.
You closely miss the adder. The adder misses you.
You barely miss the adder. The adder bites you but does no damage.
The adder bites you.
You closely miss the adder. You hit the black bear.
You block the adder's attack.
The black bear bites you but does no damage.
You block the black bear's attack. The black bear closely misses you.
You hit the black bear. You miss the adder.
The adder bites you but does no damage. The black bear bites you.
The black bear claws you but does no damage.
The black bear barely misses you. The adder bites you.
You hit the black bear. You hit the adder but do no damage.
The black bear closely misses you. The black bear claws you.
The black bear claws you but does no damage.
You block the adder's attack.
You closely miss the black bear. You miss the adder. The adder bites you.
The black bear bites you but does no damage.
The black bear barely misses you. You block the black bear's attack.
The adder bites you but does no damage.
You hit the black bear but do no damage.
You closely miss the adder.
The black bear bites you but does no damage.
The black bear claws you but does no damage. x2
The adder bites you.
You are poisoned.
The adder poisons you!
The black bear bites you but does no damage.
The black bear barely misses you. The black bear claws you.
You slash the black bear! You hit the adder.
You feel sick. The adder barely misses you.
The black bear goes berserk!
You closely miss the adder.
You hit the black bear but do no damage.
You feel sick. The adder closely misses you.
The black bear bites you but does no damage.
You block the black bear's attack.
The black bear claws you but does no damage.
The adder closely misses you.
You hit the adder.
You kill the adder!
You hit the black bear.
You feel sick. The black bear barely misses you.
The black bear claws you but does no damage.
You block the black bear's attack. x2
The black bear claws you but does no damage.
The black bear claws you.
You hit the black bear but do no damage.
You feel sick. The black bear bites you!
The black bear claws you but does no damage.
The black bear closely misses you. The black bear barely misses you.
The black bear claws you but does no damage.
The black bear barely misses you.
You hit the black bear but do no damage.
You feel sick.
You are no longer poisoned.
The black bear bites you!
* * * LOW HITPOINT WARNING * * *
The black bear claws you.
* * * LOW HITPOINT WARNING * * *
The black bear misses you. The black bear bites you!
* * * LOW HITPOINT WARNING * * *
A demonic guardian appears!
The black bear claws you but does no damage.
The black bear barely misses you.
You hit the black bear. The black bear closely misses you.
The black bear claws you but does no damage. x2
You hit the black bear. The black bear bites you.
* * * LOW HITPOINT WARNING * * *
The black bear claws you but does no damage. x2
The black bear bites you.
You die...

#.............
##.............
##.#.........#
#.#..........
#.##.####...# #.#
#...# #.# #..(# #..†#
.. #.h@# ..
.####.4.###.#
............#.#
#######.........# ###
..........#.#####
####.. ######.#.#.#
#..... #..#.#.#
#.##..
#.##.#.#########.####
#....÷#........#.#


You could see a black bear (berserk, ally target) and a friendly hellwing
(summoned).

Vanquished Creatures
  A scorpion (D:4)
  2 jellies (Sewer)
  An orc wizard (D:4)
  6 adders
  4 river rats
  An ufetubus (D:4)
  2 worms
  3 dart slugs
  3 orcs
  9 ball pythons
  8 endoplasms
  9 giant cockroaches
  6 hobgoblins
  11 jackals
  9 kobolds
  4 quokkas
  5 bats
  5 frilled lizards
  8 goblins
  11 rats
108 creatures vanquished.

Vanquished Creatures (collateral kills)
  A scorpion (D:4)
  Robin (D:4)
  An orc (D:4)
  4 goblins (D:4)
7 creatures vanquished.

Grand Total: 115 creatures vanquished

Notes
Turn   | Place    | Note
-------+----------+-------------------------------------------
     0 | D:1      | CryoSword the Demonspawn Fighter began the quest for the
                  | Orb.
     0 | D:1      | Reached XP level 1. HP: 18/18 MP: 1/1
   364 | D:1      | Gained mutation: You regenerate magic rapidly. [demonic
                  | ancestry]
   364 | D:1      | Reached XP level 2. HP: 19/24 MP: 2/2
  1269 | D:2      | Reached XP level 3. HP: 21/29 MP: 3/3
  2266 | D:3      | Reached skill level 1 in Spellcasting
  2266 | D:3      | Gained mutation: A weak demonic guardian rushes to your
                  | aid. [demonic ancestry]
  2266 | D:3      | Reached XP level 4. HP: 37/37 MP: 5/5
  2319 | D:3      | Noticed a floating eye
  2323 | D:3      | Noticed a shining eye
  2329 | D:3      | Found a faded altar of an unknown god.
  2448 | D:3      | Found a glowing drain.
  2452 | Sewer    | Entered a sewer
  2743 | Sewer    | Reached XP level 5. HP: 39/42 MP: 7/7
  3026 | Sewer    | Found a viscous altar of Jiyva.
  3280 | D:3      | Noticed a floating eye
  3280 | D:3      | Noticed an eye of devastation
  3913 | D:4      | Noticed a black bear
  4045 | D:4      | Gained mutation: A demonic guardian rushes to your aid.
                  | [demonic ancestry]
  4045 | D:4      | Reached XP level 6. HP: 16/49 MP: 9/9
  4696 | D:4      | Noticed Robin
  4708 | D:4      | Killed Robin
  4889 | D:4      | Slain by a black bear

Illustrated notes

Levels and vault maps discovered:
D:1:      matt_arrival_spirals, layout_basic, serial_curves, eino_curves_04,
          eino_curves_03
D:2:      layout_basic, kennysheep_cross_room
D:3:      layout_loops_corners, hellmonk_ecumenical_altar_watching_god,
          gup_sewer_entry_spiral
D:4:      layout_loops_ring, minmay_temple_entry_from_below_a, uniq_robin

Skill      XL: |  1  2  3  4  5 |
---------------+----------------+-----
Axes           | 2 3 4 |  4.8
Spellcasting   | 1 2 |  2.6
Fighting       | 4 |  4.7
Armour         | |  2.6
Shields        | |  2.6

Action                   |  1- 3 |  4- 6 || total
-------------------------+-------+-------++-------
Melee: War axe           |   114 |   114 ||   228
       Hand axe          |       |    67 ||    67
  Use: Scroll            |       |     5 ||     5
Armor: Scale mail        |    51 |    72 ||   123
Dodge: Dodged            |    71 |   122 ||   193
Block: Buckler           |    27 |    40 ||    67
